 Dungeon Crawl Stone Soup version 0.31-a0-965-g8a8ce12e04 (webtiles) character file.

Game seed: 10172300855628155053

137 Maratek the Trooper (level 5, -1/41 HPs)
             Began as a Demonspawn Fighter on Oct 26, 2023.
             Slain by Ijyb
             ... wielding a +2 dagger of flaming
              (2 damage)
             ... on level 3 of the Dungeon.
             The game lasted 00:02:05 (1765 turns).

Maratek the Trooper (Demonspawn Fighter)            Turns: 1765, Time: 00:02:06

Health: -1/41      AC:  8    Str: 19    XL:     5   Next: 0%
Magic:  5/5        EV:  9    Int:  9    God:
Gold:   100        SH:  4    Dex: 12    Spells: 4/4 levels left

rFire   . . .        a - +0 long sword
rCold   . . .        c - +0 buckler
rNeg    . . .        b - +0 scale mail
rPois   .            (helmet restricted)
rElec   .            (no cloak)
rCorr   .            (no gloves)
SInv    .            (no boots)
Will    .....        (no amulet) Stlth
                     (no ring)
HPRegen 0.26/turn    (no ring)
MPRegen 0.09/turn

%: no passive effects
@: mighty
A: horns 1, icy blue scales 1, ignite blood 1
a: no special abilities


You were on level 3 of the Dungeon.
You visited 1 branch of the dungeon, and saw 3 of its levels.

You collected 100 gold pieces.

Inventory:

Hand Weapons
 a - a +0 long sword (weapon)
Armour
 b - a +0 scale mail (worn)
 c - a +0 buckler (worn)
Jewellery
 i - an amulet of faith
Scrolls
 g - 3 scrolls of teleportation {unknown}
 k - a scroll of identify {unknown}
 l - a scroll of fog {unknown}
 n - a scroll of blinking {unknown}
Potions
 e - a potion of haste {unknown}
 f - 2 potions of degeneration {unknown}
 h - a potion of heal wounds {unknown}
 j - a potion of curing {unknown}
 m - 2 potions of attraction {unknown}


   Skills:
 + Level 3.5 Fighting
 + Level 3.2 Long Blades
 + Level 3.3 Armour
 + Level 1.0 Dodging
 + Level 3.1 Shields


You had 4 spell levels left.
You didn't know any spells.
Your spell library contained the following spells:

 Spells                   Type           Power      Damage    Failure   Level
 Hailstorm                Conj/Ice       0%         3d3       99%         3
 Summon Ice Beast         Ice/Summ       0%         N/A       100%        4
 Simulacrum               Ice/Necr       0%         N/A       100%        6


Dungeon Overview and Level Annotations

Branches:
Dungeon (3/15)

Altars:

Shops:
D:2 [([

Annotations:
D:3 Ijyb


Innate Abilities, Weirdness & Mutations

You have a pair of small horns on your head.
You are partially covered in icy blue scales. (AC +2)
Your demonic aura sometimes causes spilled blood to erupt in flames.


Message History

You are too injured to fight recklessly!
You are too injured to fight recklessly!
You are too injured to fight recklessly!
You are too injured to fight recklessly!
You are too injured to fight recklessly!
You are too injured to fight recklessly!
You are too injured to fight recklessly!
You are too injured to fight recklessly!
You are too injured to fight recklessly!
You are too injured to fight recklessly!
You are too injured to fight recklessly!
You barely miss Ijyb.
Ijyb is heavily wounded.
Ijyb hits you but does no damage.
An endoplasm comes into view.
Ijyb hits you but does no damage.
You hit Ijyb but do no damage. Your headbutt misses Ijyb.
Ijyb is heavily wounded.
Ijyb hits you with a +2 dagger of flaming.
Ijyb burns you.
You closely miss Ijyb.
Ijyb is heavily wounded.
Ijyb zaps a wand.
The puff of flame hits you.
* * * LOW HITPOINT WARNING * * *
A goblin comes into view. It is wielding a +0 club.
The goblin shouts!
You hit Ijyb.
Ijyb is severely wounded.
Ijyb hits you with a +2 dagger of flaming.
* * * LOW HITPOINT WARNING * * *
Ijyb burns you.
* * * LOW HITPOINT WARNING * * *
You feel very mighty all of a sudden. You block Ijyb's attack.
You barely miss Ijyb.
Ijyb is severely wounded.
Ijyb hits you with a +2 dagger of flaming.
* * * LOW HITPOINT WARNING * * *
Ijyb burns you.
You die...

......# ....#.# ......
....#.# ...... ...##.#
.. ...... ....#.######.#
#g...## #####.........
.......
.....#####...####.J.....
####.#...........g......
.....#....#####.@.......
##........).............
#.#.#.#######†.........
.....#.# #.##.......
.#####.#### ##.######...
.....#....# #...........
.....#....###..######...
................#
................#


You could see Ijyb, an endoplasm and a goblin.

Vanquished Creatures
  Natasha (thrice) (D:2)
  2 adders (D:2)
  A worm (D:2)
  A dart slug (D:1)
  4 ball pythons
  5 bats
  2 endoplasms (D:1)
  A giant cockroach (D:1)
  8 goblins
  3 hobgoblins
  4 jackals (D:2)
  A quokka (D:1)
  2 kobolds
  5 rats
42 creatures vanquished.

Notes
Turn   | Place    | Note
-------+----------+-------------------------------------------
     0 | D:1      | Maratek the Demonspawn Fighter began the quest for the Orb.
     0 | D:1      | Reached XP level 1. HP: 18/18 MP: 1/1
   168 | D:1      | Gained mutation: You are partially covered in icy blue
                  | scales. (AC +2) [demonic ancestry]
   168 | D:1      | Reached XP level 2. HP: 23/24 MP: 2/2
   810 | D:2      | Found a faded altar of an unknown god.
   834 | D:2      | Gained mutation: You have a pair of small horns on your
                  | head. [demonic ancestry]
   834 | D:2      | Reached XP level 3. HP: 27/29 MP: 3/3
   866 | D:2      | Found Qexzeeja's Antique Armour Shop.
  1038 | D:2      | Found Plog's Antique Weapon Shop.
  1061 | D:2      | Noticed Natasha
  1069 | D:2      | Killed Natasha
  1070 | D:2      | Reached XP level 4. HP: 24/35 MP: 4/4
  1126 | D:2      | Noticed Natasha
  1131 | D:2      | Killed Natasha
  1198 | D:2      | Found Naostruy's Armour Shoppe.
  1483 | D:2      | Noticed Natasha
  1498 | D:2      | Killed Natasha
  1499 | D:2      | Reached skill level 1 in Dodging
  1746 | D:3      | Gained mutation: Your demonic aura sometimes causes spilled
                  | blood to erupt in flames. [demonic ancestry]
  1746 | D:3      | Reached XP level 5. HP: 41/41 MP: 5/5
  1753 | D:3      | Noticed Ijyb
  1765 | D:3      | HP: 1/41 [Ijyb/+2 dagger of flaming (3)]
  1765 | D:3      | Slain by Ijyb

Illustrated notes

Levels and vault maps discovered:
D:1:      ncdulo_halloftheorcs, layout_loops_ring
D:2:      layout_basic, basic_ecumenical_altar, serial_shops, shop,
          nicolae_shop_just_a_little_nook, nicolae_shop_back_alley_shop,
          uniq_natasha
D:3:      layout_basic, uniq_robin, uniq_ijyb

Skill      XL: |  1  2  3  4 |
---------------+-------------+-----
Long Blades    | 2 3 |  3.2
Armour         | 3 |  3.3
Shields        | 3 |  3.1
Dodging        | 1 |  1.0
Fighting       | |  3.5

Action                     |  1- 3 |  4- 6 || total
---------------------------+-------+-------++-------
  Melee: Long sword        |   105 |    31 ||   136
         Headbutt          |     6 |     3 ||     9
    Use: Potion            |       |     1 ||     1
 Armour: Scale mail        |   107 |    35 ||   142
  Dodge: Dodged            |    66 |    17 ||    83
  Block: Buckler           |    27 |     3 ||    30

Table legend: (Time is in decaauts)
 A = Elapsed time spent in this place.
 B = Non-inter-level travel time spent in this place.
 C = Inter-level travel time spent in this place.
 D = Time resting spent in this place.
 E = Time spent auto-exploring this place.
 F = Levels seen in this place.
 G = Mean time per level.
                   A        B        C        D        E       F      G
               +--------+--------+--------+--------+--------+-----+--------+
         Total |   1807 |   1727 |     80 |      0 |   1407 |   3 |  602.3 |
       Dungeon |   1807 |   1727 |     80 |      0 |   1407 |   3 |  602.3 |
               +--------+--------+--------+--------+--------+-----+--------+

Top non-repeatable levels by time:
     D:2: 985 daAuts
     D:1: 760 daAuts
     D:3: 62 daAuts
